 Dungeon Crawl Stone Soup version 0.19.5 (webtiles) character file.

300 RUZZLEFAZAZZLE the Chopper (level 6, 0/56 HPs)
             Began as a Hill Orc Fighter on Apr 25, 2017.
             Was a Follower of Elyvilon.
             Slain by et2088's ghost (9 damage)
             ... on level 4 of the Dungeon.
             The game lasted 00:12:20 (2850 turns).

RUZZLEFAZAZZLE the Chopper (Hill Orc Fighter)       Turns: 2850, Time: 00:12:20

Health: 0/56       AC:  9    Str: 21    XL:     6   Next: 36%
Magic:  2/7        EV:  5    Int:  8    God:    Elyvilon [*.....]
Gold:   47         SH: 10    Dex: 12    Spells: 0 memorised, 5 levels left

rFire  + . .     SeeInvis .     a - +0 war axe
rCold  . . .     Gourm    .     v - +0 chain mail
rNeg   . . .     Faith    .     c - +1 shield
rPois  .         Spirit   .     (no helmet)
rElec  .         Reflect  .     (no cloak)
rCorr  .         Harm     .     (no gloves)
MR     .....                    (no boots)
Stlth  ..........               (no amulet)
                                b - ring of protection from fire
                                e - +2 ring of strength

@: no status effects
A: talons 1
a: Lesser Healing, Divine Protection, Renounce Religion


You were on level 4 of the Dungeon.
You worshipped Elyvilon.
Elyvilon was aware of your devotion.
You were not hungry.

You visited 1 branch of the dungeon, and saw 4 of its levels.

You collected 47 gold pieces.

Inventory:

Hand Weapons
 a - a +0 war axe (weapon)
Armour
 c - a +1 shield (worn)
 v - a +0 chain mail (worn)
Jewellery
 b - a ring of protection from fire (right hand)
 e - a +2 ring of strength (left hand)
Wands
 r - a wand of flame (28/48)
 s - a wand of disintegration (12/24)
Scrolls
 g - 3 scrolls of remove curse
 j - a scroll of recharging
 k - a scroll of blinking
 m - 2 scrolls of identify
 n - a scroll of teleportation
Potions
 d - a potion of might
 h - 2 potions of heal wounds
 i - 2 potions of curing
 p - 3 potions of flight
Comestibles
 f - 6 bread rations
 l - a meat ration
 o - 2 beef jerkies
 u - 3 fruits


   Skills:
 + Level 5.0 Fighting
 * Level 5.8 Axes
 + Level 4.7 Armour
 - Level 3.2 Shields
 + Level 2.3 Invocations


You had 5 spell levels left.
You didn't know any spells.

Dungeon Overview and Level Annotations

Branches:
Dungeon (4/15)
 Temple: D:4-7

Altars:
Elyvilon
Kikubaaqudgha
Okawaru

Annotations:
D:4 et2088's ghost, novice NaFi


Innate Abilities, Weirdness & Mutations

You have sharp toenails.


Message History

Et2088's ghost is almost destroyed.
You block et2088's ghost's attack. Et2088's ghost hits you.
* * * LOW HITPOINT WARNING * * *
You are healed.
You feel somewhat more hungry. Et2088's ghost hits you.
* * * LOW HITPOINT WARNING * * *
You barely miss et2088's ghost. Your kick misses et2088's ghost.
Et2088's ghost is almost destroyed.
You block et2088's ghost's attack.
You barely miss et2088's ghost.
Et2088's ghost is almost destroyed.
Et2088's ghost hits you!
* * * LOW HITPOINT WARNING * * *
You are healed.
You feel somewhat more hungry. Et2088's ghost barely misses you.
You slash et2088's ghost!
You claw et2088's ghost, but do no damage.
Et2088's ghost is almost destroyed.
Et2088's ghost hits you but does no damage.
Et2088's ghost hits you!
You die...

...........##..# #..........
...........##..## #.......# #
............#...### #.......# ..
..)...............# #.......##..
...)........##.##.####.......#W..
............#...#...<..l...W...##
...#................##...........
####.........._..W..##>.......#..
####............@...##....$.....#
......).....#...#.....##.$.......
............##.##...........#.###
........................#.#...#
>..[.....##.#...##.#.......##$#
.........##.##.###.....#... .#
.............#.# .......
<..............# #.###..
####........##.. .. #.


You could see et2088's ghost.

Vanquished Creatures
  A wyvern zombie (D:4)
  2 orc wizards (D:4)
  Crazy Yiuf (D:2)
  Ijyb (D:2)
  Robin (D:2)
  3 adders
  2 oozes
  2 leopard geckos
  5 orcs
  6 bats
  2 bat zombies (D:2)
  3 giant cockroaches
  15 goblins
  9 hobgoblins
  10 kobolds
  A quokka (D:2)
  A ball python skeleton (D:4)
  4 frilled lizards
  5 rats
  A rat zombie (D:2)
  4 fungi (D:2)
79 creatures vanquished.

Notes
Turn   | Place    | Note
-------+----------+-------------------------------------------
     0 | D:1      | RUZZLEFAZAZZLE the Hill Orc Fighter began the quest for the Orb.
     0 | D:1      | Reached XP level 1. HP: 19/19 MP: 1/1
   184 | D:1      | Reached XP level 2. HP: 26/27 MP: 2/2
   416 | D:1      | Reached XP level 3. HP: 31/33 MP: 3/3
   691 | D:2      | Found a white marble altar of Elyvilon.
   705 | D:2      | Became a worshipper of Elyvilon the Healer
   729 | D:2      | Noticed Ijyb
   737 | D:2      | Killed Ijyb
   816 | D:2      | Reached XP level 4. HP: 40/40 MP: 4/4
   890 | D:2      | Gained mutation: You have sharp toenails. [potion of beneficial mutation]
  1095 | D:2      | Found a runed door.
  1099 | D:2      | Noticed Crazy Yiuf
  1105 | D:2      | Killed Crazy Yiuf
  1182 | D:2      | Noticed Robin
  1191 | D:2      | Killed Robin
  1191 | D:2      | Reached skill level 1 in Invocations
  1193 | D:2      | Reached XP level 5. HP: 14/47 MP: 5/5
  1502 | D:2      | Found an ancient bone altar of Kikubaaqudgha.
  1862 | D:3      | Reached * piety under Elyvilon
  2081 | D:3      | Reached skill level 5 in Axes
  2420 | D:4      | Found an iron altar of Okawaru.
  2478 | D:4      | Reached skill level 5 in Fighting
  2478 | D:4      | Reached XP level 6. HP: 19/56 MP: 7/7
  2483 | D:4      | Noticed et2088's ghost (novice NaFi)
  2850 | D:4      | Slain by et2088's ghost

Skill      XL: |  1  2  3  4  5 |
---------------+----------------+-----
Axes           | 3 4 5 |  5.8
Fighting       | 4 5 |  5.0
Armour         | 4 |  4.7
Invocations    | 1 2 |  2.3
Shields        | |  3.2

Action                   |  1- 3 |  4- 6 || total
-------------------------+-------+-------++-------
Melee: War axe           |    72 |   164 ||   236
       Kick              |       |    44 ||    44
Invok: Lesser Healing    |       |     6 ||     6
  Use: Potion            |     2 |     4 ||     6
       Scroll            |     6 |     3 ||     9
  Eat: Chunk             |       |     4 ||     4
       Royal jelly       |       |     1 ||     1
       Pizza             |       |     1 ||     1
Armor: Scale mail        |    28 |    48 ||    76
       Leather armour    |     1 |       ||     1
       Chain mail        |       |    21 ||    21
Dodge: Dodged            |    22 |    37 ||    59
Block: Shield            |    40 |   100 ||   140
